 Dungeon Crawl Stone Soup version 0.23.2-33-g5129a83184 (webtiles) character file.

Game seed: 13835637315240721806

186 Derp the Conjurer (level 5, -1/28 HPs)
             Began as a Deep Elf Conjurer on July 21, 2019.
             Slain by a goblin
             ... wielding a cursed +0 dagger
              (2 damage)
             ... on level 3 of the Dungeon.
             The game lasted 00:08:06 (2492 turns).

Derp the Conjurer (Deep Elf Conjurer)               Turns: 2492, Time: 00:08:07

Health: -1/28      AC:  2    Str:  5    XL:     5   Next: 38%
Magic:  1/14       EV: 13    Int: 26    God:
Gold:   165        SH:  0    Dex: 15    Spells: 12/13 levels left

rFire    . . .     SeeInvis .   (no weapon)
rCold    . . .     Gourm    .   (no shield)
rNeg     . . .     Faith    .   a - +0 robe
rPois    .         Spirit   .   (no helmet)
rElec    .         Reflect  .   (no cloak)
rCorr    .         Harm     .   (no gloves)
MR       .....                  (no boots)
Stlth    ++........             (no amulet)
HPRegen  0.09/turn              (no ring)
MPRegen  0.14/turn              (no ring)

@: brilliant, lethally poisoned (-1 -> -14), very slightly contaminated
A: no striking features
a: no special abilities


You were on level 3 of the Dungeon.
You were hungry.

You visited 1 branch of the dungeon, and saw 3 of its levels.

You collected 165 gold pieces.

Inventory:

Armour
 a - a +0 robe (worn)
Scrolls
 b - a scroll of teleportation {unknown}
 e - 3 scrolls of identify {unknown}
 g - 2 scrolls of fog {unknown}
 k - a scroll of immolation {unknown}
 l - a scroll of amnesia {unknown}
 o - a scroll of remove curse {unknown}
Potions
 d - a potion of heal wounds {unknown}
 f - a potion of brilliance
 h - a potion of ambrosia {unknown}
 i - a potion of might {unknown}
 j - a potion of resistance {unknown}
 m - a potion of magic {unknown}
Comestibles
 c - 5 rations


   Skills:
 + Level 3.3 Dodging
 + Level 3.4 Stealth
 + Level 4.7 Spellcasting
 + Level 5.9 Conjurations


You had 12 spell levels left.
You knew the following spells:

 Your Spells              Type           Power        Failure   Level  Hunger
a - Magic Dart            Conj           ####         1%          1    None

Your spell library contained the following spells:

 Spells                   Type           Power        Failure   Level  Hunger
 Searing Ray              Conj           ######       1%          2    None
 Dazzling Spray           Conj/Hex       #####.       1%          3    ##.....
 Iskenderun's Mystic Bla  Conj           ######..     1%          4    ####...
 Force Lance              Conj/Tloc      #####...     2%          4    ####...
 Fulminant Prism          Conj/Hex       #####.....   2%          4    ####...


Dungeon Overview and Level Annotations

Branches:
Dungeon (3/15)

Altars:


Message History

The adder bites you.
* * * LOW HITPOINT WARNING * * *
It was a potion of brilliance.
You feel clever all of a sudden.
* * * LOW HITPOINT WARNING * * *
You feel sick.
The goblin hits you with a cursed +0 dagger.
* * * LOW HITPOINT WARNING * * *
The adder closely misses you.
Casting: Magic Dart (safe; 1% risk of failure)
Confirm with . or Enter, or press ? or * to list all spells.
Aiming: Magic Dart (safe; 1% risk of failure)
Press: ? - help, Shift-Dir - straight line, f/p - adder
Aim: an adder (moderately wounded)
The magic dart hits the adder.
The adder is severely wounded.
* * * LOW HITPOINT WARNING * * *
You feel sick.
The goblin hits you with a cursed +0 dagger.
You die...

##### ##...## #####
##.....## ....##
#.......# .....##
#.......# ......#
#.......#
###...######.....##
..#............g..#
..........รท....S@.#
#.#...............#
#'#..............#####
#.#..............#...##
..#........)..........##
###....................#
# #....................#
#..).................# #
#..(##)##...........##


You could see an adder and a goblin.

Vanquished Creatures
  A crimson imp (D:3)
  5 adders
  A gnoll (D:1)
  2 worms (D:3)
  2 dart slugs
  A leopard gecko (D:1)
  11 orcs (D:3)
  5 ball pythons
  11 bats
  2 giant cockroaches (D:2)
  5 goblins
  8 hobgoblins
  2 jackals (D:2)
  A quokka (D:2)
  6 frilled lizards
  4 kobolds
  9 rats
76 creatures vanquished.

Notes
Turn   | Place    | Note
-------+----------+-------------------------------------------
     0 | D:1      | Derp the Deep Elf Conjurer began the quest for the Orb.
     0 | D:1      | Reached XP level 1. HP: 10/10 MP: 6/6
   323 | D:1      | Reached XP level 2. HP: 15/15 MP: 4/8
   490 | D:1      | Reached skill level 5 in Conjurations
  1135 | D:1      | Reached XP level 3. HP: 10/19 MP: 5/9
  1740 | D:3      | Reached XP level 4. HP: 24/24 MP: 4/11
  2081 | D:3      | Reached XP level 5. HP: 26/28 MP: 9/13
  2492 | D:3      | HP: 1/28 [poisoned by an adder]
  2492 | D:3      | Slain by a goblin

Skill      XL: |  1  2  3  4 |
---------------+-------------+-----
Conjurations   | 5 |  5.9
Stealth        | 3 |  3.4
Dodging        | 3 |  3.3
Spellcasting   | 4 |  4.7

Action                   |  1- 3 |  4- 6 || total
-------------------------+-------+-------++-------
Melee: Unarmed           |     2 |       ||     2
 Cast: Magic Dart        |    84 |    84 ||   168
  Use: Potion            |       |     1 ||     1
  Eat: Chunk             |     2 |     2 ||     4
Armor: Robe              |     3 |     6 ||     9
Dodge: Dodged            |    13 |    29 ||    42
